 Dungeon Crawl Stone Soup version 0.28.0 (webtiles) character file.

Game seed: 1699524543652003417

132 mortz the Conjurer (level 5, 0/35 HPs)
             Began as a Human Conjurer on Feb 18, 2022.
             Slain by Duvessa (3 damage)
             ... on level 3 of the Dungeon.
             The game lasted 00:18:15 (4774 turns).

mortz the Conjurer (Human Conjurer)                 Turns: 4774, Time: 00:18:16

Health: 0/35       AC:  2    Str:  8    XL:     5   Next: 38%
Magic:  3/9        EV: 12    Int: 20    God:
Gold:   88         SH:  0    Dex: 11    Spells: 6/9 levels left

rFire   . . .      SeeInvis .   j - +1 dagger (protect)
rCold   . . .      Faith    .   (no shield)
rNeg    . . .      Spirit   .   a - +0 robe
rPois   .          Reflect  .   (no helmet)
rElec   .          Harm     .   (no cloak)
rCorr   .          Rampage  .   (no gloves)
Will    +....                   (no boots)
Stlth   ++........              (no amulet)
HPRegen 0.11/turn               e - ring of willpower
MPRegen 0.11/turn               (no ring)

@: no status effects
A: no striking features
a: no special abilities


You were on level 3 of the Dungeon.
You visited 1 branch of the dungeon, and saw 4 of its levels.

You collected 88 gold pieces.

Inventory:

Hand Weapons
 j - a +1 dagger of protection (weapon)
 m - a +0 spear
 q - a +0 morningstar
Missiles
 k - 8 poisoned darts
 l - 2 silver javelins
Armour
 a - a +0 robe (worn)
 r - a +0 scale mail
Jewellery
 e - a ring of willpower (left hand)
Scrolls
 b - a scroll of fog {unknown}
 c - 2 scrolls of immolation {unknown}
 d - 2 scrolls of magic mapping {unknown}
 f - 4 scrolls of identify {unknown}
 g - 2 scrolls of teleportation {unknown}
 h - a scroll of holy word {unknown}
 n - a scroll of enchant armour {unknown}
Potions
 i - 2 potions of cancellation {unknown}
 o - a potion of berserk rage {unknown}
 p - a potion of degeneration {unknown}
 s - a potion of attraction {unknown}


   Skills:
 + Level 0.2 Fighting
 + Level 0.2 Short Blades
 + Level 2.3 Dodging
 + Level 2.5 Stealth
 + Level 2.9 Spellcasting
 + Level 5.3 Conjurations


You had 6 spell levels left.
You knew the following spells:

 Your Spells              Type           Power      Damage    Failure   Level
a - Magic Dart            Conj           96%        1d7       1%          1
b - Searing Ray           Conj           48%        2d6       2%          2

Your spell library contained the following spells:

 Spells                   Type           Power      Damage    Failure   Level
 Summon Small Mammal      Summ           8%         N/A       14%         1
 Dazzling Flash           Conj/Hex       26%        N/A       14%         3
 Call Canine Familiar     Summ           2%         N/A       41%         3
 Inner Flame              Hex/Fire       2%         N/A       41%         3
 Summon Guardian Golem    Hex/Summ       2%         N/A       41%         3
 Fulminant Prism          Conj/Hex       6%         3d7       43%         4
 Iskenderun's Mystic Bla  Conj/Tloc      13%        2d5       43%         4
 Cause Fear               Hex            1%         N/A       82%         4
 Discord                  Hex            1%         N/A       100%        8


Dungeon Overview and Level Annotations

Branches:
Dungeon (4/15)
 Temple: D:4-7

Altars:
Xom

Shops:
D:1 :   D:2 (

Annotations:
D:3 Dowan, Duvessa


Message History

You start resting.
HP restored.
You climb downwards.
Level annotation: Dowan, Duvessa Duvessa hits you with a +0 short sword.
Duvessa hits you with a +0 short sword!
There is a stone staircase leading up, spattered with blood here.
Casting: Searing Ray (safe; 2% risk of failure)
Confirm with . or Enter, or press ? or * to list all spells.
Aiming: Searing Ray (safe; 2% risk of failure)
Press: ? - help, Shift-Dir - straight line, f - Duvessa
Aim: Duvessa, wielding a +0 short sword and wearing a +0 ring mail (85% to hit)
The searing ray hits Duvessa but does no damage. (Press . to maintain the ray.) Duvessa says, "My weaknesses are his strengths!"
Duvessa hits you with a +0 short sword!
The searing ray hits Duvessa.
Duvessa is lightly wounded.
Dowan misses you. Duvessa barely misses you. Dowan hits you with a +0 dagger.
Duvessa hits you but does no damage.
You climb upwards.
There is a stone staircase leading down here.
Casting: Searing Ray (safe; 2% risk of failure)
Confirm with . or Enter, or press ? or * to list all spells.
Aiming: Searing Ray (safe; 2% risk of failure)
Press: ? - help, Shift-Dir - straight line, f - Dowan
Aim: Dowan, wielding a +0 dagger and wearing a +1 robe of willpower (71% to hit)
The searing ray hits Dowan but does no damage. (Press . to maintain the ray.) Dowan hits you with a +0 dagger.
* * * LOW HITPOINT WARNING * * *
Duvessa closely misses you.
The searing ray hits Dowan.
Dowan is lightly wounded.
Dowan mumbles some strange words.
Dowan blinks!
Duvessa says, "My weaknesses are his strengths!"
Duvessa hits you with a +0 short sword!
* * * LOW HITPOINT WARNING * * *
Duvessa hits you with a +0 short sword.
You die...

#.##..###.#.# ##+##
#.##........# #.#
#.........### #.#
#####.##### ##.##
#.# ##...## #e#
#.....## #.#
#####.>.##.
#e#######...##.###.
#>@.<..............
#########...##.####
######.# #.# #.#
###########.####
#.........#.##..
#.#######.#.##.#
#.# #####.#.##.#


You could see Duvessa and Dowan.

Vanquished Creatures
  Jessica (D:3)
  Terence (D:3)
  A howler monkey skeleton (D:3)
  2 adders (D:2)
  3 worms (D:2)
  2 orcs (D:3)
  A ball python (D:1)
  3 bats
  2 endoplasms (D:2)
  2 giant cockroaches (D:2)
  7 goblins
  5 hobgoblins
  3 quokkas
  A frilled lizard (D:2)
  6 kobolds
  5 rats
45 creatures vanquished.

Vanquished Creatures (others)
  25 plants (D:2)
25 creatures vanquished.

Grand Total: 70 creatures vanquished

Notes
Turn   | Place    | Note
-------+----------+-------------------------------------------
     0 | D:1      | mortz the Human Conjurer began the quest for the Orb.
     0 | D:1      | Reached XP level 1. HP: 13/13 MP: 3/3
    40 | D:1      | Found a faded altar of an unknown god.
   422 | D:1      | Reached XP level 2. HP: 17/19 MP: 0/5
   754 | D:1      | Learned a level 2 spell: Searing Ray
   843 | D:1      | Found Haif's Book Emporium.
  1604 | D:2      | Found a shimmering altar of Xom.
  1611 | D:2      | Reached XP level 3. HP: 24/24 MP: 1/6
  1678 | D:2      | Found Duypes's Antique Weapon Shoppe.
  1989 | D:2      | Reached XP level 4. HP: 30/30 MP: 2/7
  2193 | D:2      | Reached skill level 5 in Conjurations
  3760 | D:3      | Noticed Jessica
  3762 | D:3      | Killed Jessica
  3763 | D:3      | Reached XP level 5. HP: 35/35 MP: 4/9
  3958 | D:3      | Noticed Terence
  3967 | D:3      | Killed Terence
  4320 | D:4      | Noticed Dowan
  4321 | D:4      | Noticed Duvessa
  4459 | D:4      | HP: 1/35 [Duvessa (10)]
  4774 | D:3      | Slain by Duvessa

Illustrated notes

Levels and vault maps discovered:
D:1:      grunt_arrival_crossed_arrows, layout_basic, serial_shops,
          nicolae_diamond_shop, shapermc_ecumenical_altar_totnotflames
D:2:      layout_rooms, serial_shops, nicolae_shop_hallway_plus, basic_altar,
          serial_bayou_lagoon_a, minivault_5
D:3:      layout_loops_corners, minmay_misc_feat_five, uniq_jessica,
          uniq_terence
D:4:      layout_loops_ring, serial_shops, shop, nicolae_lakefront_shop,
          uniq_duvessa

Skill      XL: |  1  2  3  4 |
---------------+-------------+-----
Conjurations   | 5 |  5.3
Fighting       | |  0.2
Short Blades   | |  0.2
Dodging        | |  2.3
Stealth        | |  2.5
Spellcasting   | |  2.9

Action                   |  1- 3 |  4- 6 || total
-------------------------+-------+-------++-------
Melee: Dagger            |    16 |     8 ||    24
       Short sword       |     7 |       ||     7
 Cast: Magic Dart        |    41 |    25 ||    66
       Searing Ray       |     6 |    19 ||    25
Armor: Robe              |     8 |     3 ||    11
Dodge: Dodged            |    28 |    20 ||    48
